 Dungeon Crawl Stone Soup version 0.20.1-1-g8b1a95d (webtiles) character file.

13 ManOfNut3 the Grave Robber (level 2, -5/15 HPs)
             Began as a Deep Elf Necromancer on Nov 30, 2017.
             Slain by an ogre
             ... wielding a cursed -3 giant spiked club
              (13 damage)
             ... on level 1 of the Dungeon.
             The game lasted 00:04:03 (804 turns).

ManOfNut3 the Grave Robber (Deep Elf Necromancer)    Turns: 804, Time: 00:04:04

Health: -5/15      AC:  2    Str:  5    XL:     2   Next: 24%
Magic:  4/8        EV: 13    Int: 19    God:
Gold:   40         SH:  0    Dex: 15    Spells: 5/7 levels left

rFire    . . .     SeeInvis .   e - +0 whip
rCold    . . .     Gourm    .   (no shield)
rNeg     . . .     Faith    .   a - +0 robe
rPois    .         Spirit   .   (no helmet)
rElec    .         Reflect  .   (no cloak)
rCorr    .         Harm     .   (no gloves)
MR       .....                  (no boots)
Stlth    ++........             (no amulet)
Regen    0.1/turn               (no ring)
MPRegen  0.2/turn               (no ring)

@: no status effects
A: no striking features
a: no special abilities


You were on level 1 of the Dungeon.
You were not hungry.

You visited 1 branch of the dungeon, and saw 1 of its levels.

You collected 40 gold pieces.

Inventory:

Hand Weapons
 d - a +0 dagger
 e - a +0 whip (weapon)
 l - a +0 whip
 m - a +0 club
 n - a +0 club
 o - a +0 dagger
Missiles
 h - 20 stones (quivered)
Armour
 a - a +0 robe (worn)
 j - a +0 robe
Scrolls
 f - a scroll of identify {unknown}
Potions
 i - a potion of ambrosia {unknown}
Books
 b - a book of Necromancy

   Spells                             Type                      Level
   a - Pain                           Necromancy                   1
   b - Animate Skeleton               Necromancy                   1
   c - Vampiric Draining              Necromancy                   3
   d - Regeneration                   Charms/Necromancy            3
   e - Animate Dead                   Necromancy                   4
   f - Control Undead                 Necromancy                   4
Comestibles
 c - a bread ration
 g - a fruit
 k - a royal jelly
 p - 2 chunks of flesh


   Skills:
 + Level 2.6 Dodging
 + Level 2.5 Stealth
 + Level 3.1 Spellcasting
 + Level 5.3 Necromancy


You had 5 spell levels left.
You knew the following spells:

 Your Spells              Type           Power        Failure   Level  Hunger
a - Pain                  Necr           ###.         1%          1    None
b - Animate Skeleton      Necr           N/A          1%          1    None


Dungeon Overview and Level Annotations

Branches:
Dungeon (1/15)

Altars:


Message History

Aim: an ogre, wielding a giant spiked club (moderately wounded, chance to defeat MR: 83%)
The ogre writhes in agony!
The ogre misses you.
Some of the chunks of flesh in your inventory have rotted away.
Casting: Pain
Confirm with . or Enter, or press ? or * to list all spells.
Aiming: Pain
Press: ? - help, Shift-Dir - straight line, f/p - ogre
Aim: an ogre, wielding a giant spiked club (heavily wounded, chance to defeat MR: 83%)
The ogre barely resists.
Your hobgoblin skeleton barely misses the ogre.
The frilled lizard hisses.
Casting: Pain
Confirm with . or Enter, or press ? or * to list all spells.
Aiming: Pain
Press: ? - help, Shift-Dir - straight line, f/p - ogre
Aim: an ogre, wielding a giant spiked club (heavily wounded, chance to defeat MR: 83%)
The ogre writhes in agony!
The ogre hits you with a giant spiked club!
Ouch! That really hurt!
You die...

..............................
...#.#...#..#.####..........
#.#..........####.#'#......
#.#####.................#.#......
#.......................#.#......
######.......#.........'.#......
#....#..#.........###......
#....#>....................
#.#######.@########........
#.......ZO.# #.....###
####....l#.# #...#.# .......s#.#
#...#.# ........#.# #...#.#
........#.# #...#.. ........#.#
#...##. ........#.# #...# ..
........#.# #...#


You could see an ogre, a giant cockroach, a frilled lizard and a friendly
hobgoblin skeleton.

Vanquished Creatures
  3 goblins (D:1)
  A hobgoblin (D:1)
  A kobold (D:1)
  A ball python (D:1)
  2 bats (D:1)
  2 frilled lizards (D:1)
  2 rats (D:1)
12 creatures vanquished.

Vanquished Creatures (collateral kills)
  A bat (D:1)
1 creature vanquished.

Grand Total: 13 creatures vanquished

Notes
Turn   | Place    | Note
-------+----------+-------------------------------------------
     0 | D:1      | ManOfNut3 the Deep Elf Necromancer began the quest for the Orb.
     0 | D:1      | Reached XP level 1. HP: 10/10 MP: 6/6
     8 | D:1      | Learned a level 1 spell: Animate Skeleton
   140 | D:1      | Reached skill level 5 in Necromancy
   563 | D:1      | Reached XP level 2. HP: 7/15 MP: 5/8
   755 | D:1      | Noticed an ogre
   804 | D:1      | Slain by an ogre

Skill      XL: |  1 |
---------------+----+-----
Necromancy     | 5 |  5.3
Dodging        | |  2.6
Stealth        | |  2.5
Spellcasting   | |  3.1

Action                   || total
-------------------------++-------
Melee: Dagger            ||     3
       Whip              ||     2
       Unarmed           ||     1
 Cast: Pain              ||    20
       Animate Skeleton  ||     4
Armor: Robe              ||    11
Dodge: Dodged            ||    35
